 Dungeon Crawl Stone Soup version 0.26-a0-651-gb41185065b (webtiles) character file.

Game seed: 6782913289979791343

14 Irenicus the Chopper (level 2, 0/27 HPs)
             Began as a Deep Dwarf Berserker on Oct 20, 2020.
             Was a Follower of Trog.
             Slain by a rat (1 damage)
             ... on level 1 of the Dungeon.
             The game lasted 00:02:10 (498 turns).

Irenicus the Chopper (Deep Dwarf Berserker)          Turns: 498, Time: 00:02:10

Health: 0/27       AC:  6    Str: 20    XL:     2   Next: 27%
Magic:  2/2        EV: 10    Int:  7    God:    Trog [*.....]
Gold:   10         SH:  0    Dex: 12    Spells: 1/1 levels left

rFire    . . .     SeeInvis .   e - +0 hunting sling (curse)
rCold    . . .     Faith    .   (no shield)
rNeg     . . .     Spirit   .   b - +0 scale mail
rPois    .         Reflect  .   (no helmet)
rElec    .         Harm     .   (no cloak)
rCorr    .         Rampage  .   (no gloves)
MR       .....                  (no boots)
Stlth    ..........             (no amulet)
HPRegen  0.00/turn              (no ring)
MPRegen  0.08/turn              (no ring)

@: non-regenerating
A: damage resistance, heal wounds, sense surroundings 1, no regeneration
a: Heal Wounds, Berserk, Renounce Religion


You were on level 1 of the Dungeon.
You worshipped Trog.
Trog was aware of your devotion.
You visited 1 branch of the dungeon, and saw 1 of its levels.

You collected 10 gold pieces.

Inventory:

Hand Weapons
 a - a +0 hand axe
 e - a cursed +0 hunting sling (weapon)
   (You found it on level 1 of the Dungeon)
Armour
 b - a +0 scale mail (worn)
   (You found it on level 1 of the Dungeon)
 c - a +0 leather armour
   (You found it on level 1 of the Dungeon)


   Skills:
 - Level 2.6 Fighting
 + Level 4.1 Axes
 - Level 2.1 Armour
 - Level 2.1 Dodging


You had one spell level left.
You didn't know any spells.
Your spell library was empty.

Dungeon Overview and Level Annotations

Branches:
Dungeon (1/15)

Altars:


Innate Abilities, Weirdness & Mutations

You are resistant to damage.
You can heal yourself by infusing magical energy.
You passively map a small area around you.
You do not regenerate.


Message History

The hobgoblin hits you with a +0 club.
You hit the hobgoblin!
You kill the hobgoblin!
Trog accepts your kill.
You closely miss the frilled lizard. The frilled lizard misses you.
You clumsily bash the frilled lizard.
You kill the frilled lizard!
Trog accepts your kill.
Things that are here:
a +0 club; a frilled lizard corpse; a hobgoblin corpse You feel a strong urge to attack something.
You are no longer berserk.
You are exhausted.
You feel yourself slow down.
You now have 3/27 hp.
A rat comes into view.
You see here a spear.
You clumsily bash the rat but do no damage.
The rat barely misses you.
The rat bites you but does no damage. x2
You clumsily bash the rat but do no damage.
You are starting to lose your buoyancy.
The rat misses you. The rat completely misses you.
You closely miss the rat. The rat barely misses you. The rat misses you.
You clumsily bash the rat but do no damage.
The rat closely misses you. The rat bites you but does no damage.
You barely miss the rat.
The rat bites you but does no damage. x3
You clumsily bash the rat but do no damage.
You float gracefully downwards.
The rat bites you but does no damage. The rat closely misses you.
You closely miss the rat.
The rat bites you but does no damage. x2
You closely miss the rat. The rat bites you. The rat closely misses you.
Your scale mail prevents you from hitting the rat.
The rat closely misses you. The rat completely misses you. The rat bites you.
You clumsily bash the rat but do no damage.
The rat barely misses you. x2
You barely miss the rat. The rat barely misses you. The rat bites you.
Your scale mail prevents you from hitting the rat.
The rat bites you but does no damage. The rat closely misses you. x2
You clumsily bash the rat but do no damage.
The rat bites you. x2
* * * LOW HITPOINT WARNING * * *
You take 1 damage, and have 2/27 hp.
You clumsily bash the rat but do no damage.
The rat bites you but does no damage. x2
You clumsily bash the rat but do no damage.
The rat barely misses you. The rat closely misses you.
You closely miss the rat.
You feel yourself speed up. The rat misses you. The rat closely misses you.
The rat bites you but does no damage.
You clumsily bash the rat but do no damage.
The rat barely misses you.
You clumsily bash the rat but do no damage.
The rat misses you. The rat bites you but does no damage.
You closely miss the rat. The rat barely misses you.
You clumsily bash the rat but do no damage.
The rat barely misses you. The rat bites you but does no damage.
You clumsily bash the rat but do no damage.
The rat barely misses you.
You clumsily bash the rat but do no damage.
The rat bites you. The rat bites you but does no damage.
You clumsily bash the rat but do no damage.
The rat barely misses you.
You clumsily bash the rat but do no damage.
The rat misses you. The rat completely misses you.
You clumsily bash the rat but do no damage.
The rat barely misses you.
You clumsily bash the rat but do no damage.
You recover from your berserk rage.
The rat bites you.
* * * LOW HITPOINT WARNING * * *
The rat bites you.
You take 1 damage, and have 1/27 hp.
You barely miss the rat. The rat barely misses you.
You completely miss the rat. The rat bites you but does no damage.
The rat barely misses you.
You clumsily bash the rat but do no damage.
The rat completely misses you.
You clumsily bash the rat but do no damage.
The rat barely misses you. The rat bites you but does no damage.
You completely miss the rat. The rat bites you but does no damage.
You clumsily bash the rat but do no damage.
The rat bites you but does no damage. The rat closely misses you.
You clumsily bash the rat but do no damage.
The rat bites you but does no damage.
You closely miss the rat. The rat closely misses you. x2
You closely miss the rat. The rat closely misses you.
You closely miss the rat. The rat barely misses you. x2
You clumsily bash the rat but do no damage.
The rat closely misses you.
You clumsily bash the rat but do no damage.
The rat bites you but does no damage. x2
You closely miss the rat. The rat bites you but does no damage.
You clumsily bash the rat but do no damage.
The rat misses you. x2
You clumsily bash the rat but do no damage.
The rat bites you but does no damage.
You clumsily bash the rat but do no damage.
The rat bites you.
You die...

*, ,
#.)........
, ,, *
#....######
*
#..........
#....######
#....# , ,
#....#* * *
#..).# .
#....##....
*
#..@....#*
####r......
* .....## ,
*..)..#
*.....# ,
.....#** ,,
####... ,
### , ,


You could see a rat.

Vanquished Creatures
  2 goblins (D:1)
  5 hobgoblins (D:1)
  2 bats (D:1)
  A frilled lizard (D:1)
  A kobold (D:1)
  2 rats (D:1)
13 creatures vanquished.

Notes
Turn   | Place    | Note
-------+----------+-------------------------------------------
     0 | D:1      | Irenicus the Deep Dwarf Berserker began the quest for the
                  | Orb.
     0 | D:1      | Reached XP level 1. HP: 20/20 MP: 1/1
   217 | D:1      | Reached XP level 2. HP: 17/27 MP: 2/2
   278 | D:1      | Reached skill level 4 in Axes
   432 | D:1      | HP: 6/27 [hobgoblin/+0 club (1)]
   440 | D:1      | HP: 3/27 [hobgoblin/+0 club (1)]
   469 | D:1      | HP: 2/27 [rat (1)]
   482 | D:1      | HP: 1/27 [rat (1)]
   498 | D:1      | Slain by a rat

Illustrated notes

Levels and vault maps discovered:
D:1:      lemuel_arrival_room, layout_basic

Skill      XL: |  1  2 |
---------------+-------+-----
Axes           | 4 |  4.1
Fighting       | |  2.6
Armour         | |  2.1
Dodging        | |  2.1

Action                   || total
-------------------------++-------
Melee: Hand axe          ||    35
       Hunting sling     ||    99
Invok: Berserk           ||     1
  Use: Potion            ||     1
Armor: Animal skin       ||     3
       Scale mail        ||    54
Dodge: Dodged            ||    88

Table legend: (Time is in decaauts)
 A = Elapsed time spent in this place.
 B = Non-inter-level travel time spent in this place.
 C = Inter-level travel time spent in this place.
 D = Time resting spent in this place.
 E = Time spent auto-exploring this place.
 F = Levels seen in this place.
 G = Mean time per level.
                   A        B        C        D        E       F      G
               +--------+--------+--------+--------+--------+-----+--------+
         Total |    563 |    563 |      0 |      0 |      0 |   1 |  563.0 |
       Dungeon |    563 |    563 |      0 |      0 |      0 |   1 |  563.0 |
               +--------+--------+--------+--------+--------+-----+--------+

Top non-repeatable levels by time:
     D:1: 563 daAuts

Table legend:
 A = Kills in this place as a percentage of kills in entire the game.
 B = Kills by you in this place as a percentage of kills by you in the entire game.
 C = Kills by friends in this place as a percentage of kills by friends in the entire game.
 D = Other kills in this place as a percentage of other kills in the entire game.
 E = Experience gained in this place as a percentage of experience gained in the entire game.
 F = Experience gained in this place divided by the number of levels of this place that you have seen.
                   A       B       C       D       E      F
               +-------+-------+-------+-------+-------+----------------------
         Total | 100.0 | 100.0 |   N/A |   N/A | 100.0 |  20.0
       Dungeon | 100.0 | 100.0 |   N/A |   N/A | 100.0 |  20.0
               +-------+-------+-------+-------+-------+----------------------
